 Dungeon Crawl Stone Soup version 0.24-a0-778-g74da537585 (webtiles) character file.

Game seed: 12003238135214355943, levelgen mode: deterministic

388 Kohma the Charmwright (level 6, 0/51 HPs)
             Began as a Gnoll Skald on Oct 7, 2019.
             Succumbed to a killer bee's poison
             ... on level 5 of the Dungeon.
             The game lasted 00:15:25 (3416 turns).

Kohma the Charmwright (Gnoll Skald)                 Turns: 3416, Time: 00:15:25

Health: 0/51       AC: 11    Str: 15    XL:     6   Next: 79%
Magic:  7/14       EV: 14    Int: 16    God:
Gold:   232        SH:  4    Dex: 14    Spells: 4/15 levels left

rFire    . . .     SeeInvis .   a - +1 spear
rCold    . . .     Gourm    .   j - +0 buckler
rNeg     . . .     Faith    .   b - +0 leather armour
rPois    .         Spirit   .   f - +1 helmet
rElec    .         Reflect  .   (no cloak)
rCorr    .         Harm     .   (no gloves)
MR       .....                  (no boots)
Stlth    ++........             (no amulet)
HPRegen  0.17/turn              E - +6 ring of protection
MPRegen  0.14/turn              (no ring)

@: lethally poisoned (0 -> -11), very slightly contaminated
A: distributed training, fangs 1, strong nose
a: no special abilities


You were on level 5 of the Dungeon.
You were hungry.

You visited 2 branches of the dungeon, and saw 6 of its levels.

You collected 232 gold pieces.

Inventory:

Hand Weapons
 a - a +1 spear (weapon)
 u - a +2 dagger of holy wrath
Missiles
 g - 123 stones
 i - 19 poisoned darts
 k - 5 curare-tipped darts (quivered)
 l - 5 javelins
Armour
 b - a +0 leather armour (worn)
 f - a +1 helmet (worn)
 j - a +0 buckler (worn)
 C - a +0 shield
Jewellery
 E - a +6 ring of protection (left hand)
Scrolls
 e - a scroll of fog
 m - 2 scrolls of teleportation
 v - a scroll of remove curse
Potions
 c - a potion of mutation {unknown}
 q - a potion of might {unknown}
 s - a potion of lignification {unknown}
 w - a potion of berserk rage {unknown}
 x - 2 potions of brilliance
 z - 2 potions of agility
 D - a potion of heal wounds {unknown}
Comestibles
 d - 7 rations


   Skills:
 + Level 5.0 Fighting
 + Level 2.1 Short Blades
 + Level 2.1 Long Blades
 + Level 2.1 Axes
 + Level 2.1 Maces & Flails
 + Level 5.0 Polearms
 + Level 2.1 Staves
 + Level 2.1 Slings
 + Level 2.1 Bows
 + Level 2.1 Crossbows
 + Level 2.1 Throwing
 + Level 3.3 Armour
 + Level 5.0 Dodging
 + Level 2.1 Stealth
 + Level 2.1 Shields
 + Level 2.1 Unarmed Combat
 + Level 5.4 Spellcasting
 + Level 1.6 Conjurations
 + Level 1.6 Hexes
 + Level 5.7 Charms
 + Level 1.6 Summonings
 + Level 1.6 Necromancy
 + Level 1.6 Translocations
 + Level 1.6 Transmutations
 + Level 1.6 Fire Magic
 + Level 1.6 Ice Magic
 + Level 1.6 Air Magic
 + Level 1.6 Earth Magic
 + Level 1.6 Poison Magic
 + Level 2.3 Invocations
 + Level 2.1 Evocations


You had 4 spell levels left.
You knew the following spells:

 Your Spells              Type           Power        Failure   Level  Hunger
a - Infusion              Chrm           ###.         2%          1    None
b - Song of Slaying       Chrm           ###.....     3%          2    #......
c - Regeneration          Chrm/Necr      ###.......   16%         3    ###....
d - Shroud of Golubria    Chrm/Tloc      ###...       8%          2    #......
e - Spectral Weapon       Hex/Chrm       ###.....     16%         3    ###....

Your spell library contained the following spells:

 Spells                   Type           Power        Failure   Level  Hunger


Dungeon Overview and Level Annotations

Branches:
Dungeon (5/15)             Temple (1/1) D:4

Altars:
Dithmenos
Elyvilon
Fedhas
Gozag
Hepliaklqana
Kikubaaqudgha
Makhleb
Nemelex Xobeh
Ru
Sif Muna
Uskayaw
Vehumet
Wu Jian
Xom
The Shining One

Shops:
D:4 *


Innate Abilities, Weirdness & Mutations

Your experience applies equally to all skills.
You have very sharp teeth.
Your uncanny sense of smell can sniff out nearby items.


Message History

You feel sick. The killer bee closely misses you.
The killer bee barely misses you.
Okay, then.
You feel better. The killer bee stings you.
* * * LOW HITPOINT WARNING * * *
You are poisoned.
The killer bee poisons you!
The killer bee stings you but does no damage.
The killer bee stings you.
* * * LOW HITPOINT WARNING * * *
You block the killer bee's attack.
You feel sick. The killer bee closely misses you. The killer bee stings you.
* * * LOW HITPOINT WARNING * * *
The killer bee barely misses you.
* * * LOW HITPOINT WARNING * * *
You feel sick. You block the killer bee's attack. The killer bee stings you.
* * * LOW HITPOINT WARNING * * *
You are more poisoned.
The killer bee poisons you! The killer bee closely misses you.
You die...

*,,,,,,,,,#....*#....##....#
*,,
*,>,,,,,,,#....*#....#*,..##
*,*
*,,,,,,,,,#.....+....##+*##*
*,,
*,,,**,,,*#....##>....#,,,,*
***
*,,,**,,,*#....##h....#,,,,*
*
*,,,,,,,,,#...........#,,,,*
*
*,,,,,,,,,#....yyh....#,,,,*
*,,,,,,,,,#...........#,,,,*
*,,,,,,,,,#....@.....##,,,**
*,,,,,,,,,#...........#****
**,,**,,,*#....##.....#
**,,******#....########
*,,,,,,,,,+.....#
*,,,,,,,,,#....<#
**********#######


You could see 2 killer bees and 2 jackals.

Vanquished Creatures
  4 killer bees (D:5)
  A hound (D:2)
  An orc priest (D:4)
  Terence (D:2)
  4 adders
  An ooze (D:1)
  2 worms
  3 dart slugs
  4 leopard geckos
  An orc (D:4)
  3 ball pythons
  4 bats
  4 giant cockroaches
  12 goblins
  10 hobgoblins
  3 kobolds
  A quokka (D:3)
  5 frilled lizards
  A quokka skeleton (D:4)
  5 rats
70 creatures vanquished.

Vanquished Creatures (others)
  4 toadstools (D:1)
4 creatures vanquished.

Grand Total: 74 creatures vanquished

Notes
Turn   | Place    | Note
-------+----------+-------------------------------------------
     0 | D:1      | Kohma the Gnoll Skald began the quest for the Orb.
     0 | D:1      | Reached XP level 1. HP: 20/20 MP: 6/6
   267 | D:1      | Reached XP level 2. HP: 25/26 MP: 7/7
   697 | D:1      | Reached XP level 3. HP: 31/31 MP: 9/9
   707 | D:1      | Reached skill level 5 in Spellcasting
   714 | D:1      | Learned a level 2 spell: Song of Slaying
   718 | D:1      | Learned a level 3 spell: Regeneration
   721 | D:1      | Learned a level 2 spell: Shroud of Golubria
   725 | D:1      | Learned a level 3 spell: Spectral Weapon
  1130 | D:2      | Reached skill level 1 in Short Blades
  1130 | D:2      | Reached skill level 1 in Long Blades
  1130 | D:2      | Reached skill level 1 in Axes
  1130 | D:2      | Reached skill level 1 in Maces & Flails
  1130 | D:2      | Reached skill level 1 in Staves
  1130 | D:2      | Reached skill level 1 in Slings
  1130 | D:2      | Reached skill level 1 in Bows
  1130 | D:2      | Reached skill level 1 in Crossbows
  1130 | D:2      | Reached skill level 1 in Throwing
  1130 | D:2      | Reached skill level 1 in Stealth
  1130 | D:2      | Reached skill level 1 in Shields
  1130 | D:2      | Reached skill level 1 in Unarmed Combat
  1130 | D:2      | Reached skill level 1 in Invocations
  1130 | D:2      | Reached skill level 1 in Evocations
  1130 | D:2      | Reached XP level 4. HP: 29/38 MP: 2/11
  1351 | D:2      | Noticed Terence
  1370 | D:2      | Killed Terence
  1370 | D:2      | Reached skill level 1 in Conjurations
  1370 | D:2      | Reached skill level 1 in Hexes
  1370 | D:2      | Reached skill level 1 in Summonings
  1370 | D:2      | Reached skill level 1 in Necromancy
  1370 | D:2      | Reached skill level 1 in Translocations
  1370 | D:2      | Reached skill level 1 in Transmutations
  1370 | D:2      | Reached skill level 1 in Fire Magic
  1370 | D:2      | Reached skill level 1 in Ice Magic
  1370 | D:2      | Reached skill level 1 in Air Magic
  1370 | D:2      | Reached skill level 1 in Earth Magic
  1370 | D:2      | Reached skill level 1 in Poison Magic
  1447 | D:2      | Found a glowing golden altar of the Shining One.
  1575 | D:2      | Reached XP level 5. HP: 43/43 MP: 12/12
  2533 | D:4      | Noticed an ogre
  2861 | D:4      | Found Tueruf's Assorted Antiques.
  2981 | D:4      | Found a staircase to the Ecumenical Temple.
  3013 | Temple   | Entered the Ecumenical Temple
  3340 | D:5      | Entered Level 5 of the Dungeon
  3374 | D:5      | Reached XP level 6. HP: 29/50 MP: 2/13
  3392 | D:5      | Reached skill level 5 in Fighting
  3392 | D:5      | Reached skill level 5 in Polearms
  3392 | D:5      | Reached skill level 5 in Dodging
  3413 | D:5      | HP: 2/51 [killer bee (5)]
  3416 | D:5      | Succumbed to a killer bee's poison

Levels and vault maps discovered:
D:1:      nagdon_arrival_zigzag_paths, layout_basic, minmay_gold_behind_fungi,
          grunt_decor_mini_mirrors
D:2:      layout_loops_ring, nicolae_tso_carved_into_rock, uniq_terence
D:3:      layout_loops_cross, serial_bayou_pond_d
D:4:      layout_layer_cave, minmay_temple_entry_proselytizer, serial_shops,
          nicolae_shop_stone
D:5:      layout_gridville, minitemple, kennysheep_mini, first_ration,
          serial_shops, nicolae_shop_crystal
Temple:   eino_temple_water

Skill      XL: |  1  2  3  4  5  6 |
---------------+-------------------+-----
Spellcasting   | 5 |  5.4
Short Blades   | 1 2 |  2.1
Long Blades    | 1 2 |  2.1
Axes           | 1 2 |  2.1
Maces & Flails | 1 2 |  2.1
Staves         | 1 2 |  2.1
Slings         | 1 2 |  2.1
Bows           | 1 2 |  2.1
Crossbows      | 1 2 |  2.1
Throwing       | 1 2 |  2.1
Stealth        | 1 2 |  2.1
Shields        | 1 2 |  2.1
Unarmed Combat | 1 2 |  2.1
Invocations    | 1 2 |  2.3
Evocations     | 1 2 |  2.1
Conjurations   | 1 |  1.6
Hexes          | 1 |  1.6
Summonings     | 1 |  1.6
Necromancy     | 1 |  1.6
Translocations | 1 |  1.6
Transmutations | 1 |  1.6
Fire Magic     | 1 |  1.6
Ice Magic      | 1 |  1.6
Air Magic      | 1 |  1.6
Earth Magic    | 1 |  1.6
Poison Magic   | 1 |  1.6
Armour         | 3 |  3.3
Fighting       | 5 |  5.0
Polearms       | 5 |  5.0
Dodging        | 5 |  5.0
Charms         | |  5.7

Action                   |  1- 3 |  4- 6 || total
-------------------------+-------+-------++-------
Melee: Spear             |   100 |   216 ||   316
       Bite              |     9 |    24 ||    33
 Cast: Infusion          |     2 |       ||     2
       Shroud of Golubri |     5 |     7 ||    12
       Spectral Weapon   |     2 |     7 ||     9
       Regeneration      |       |     4 ||     4
  Use: Scroll            |       |    17 ||    17
       Potion            |       |     2 ||     2
 Stab: Sleeping          |     3 |     1 ||     4
       Distracted        |     1 |       ||     1
  Eat: Chunk             |     1 |     8 ||     9
Armor: Leather armour    |    21 |    55 ||    76
Dodge: Dodged            |    51 |   136 ||   187
Block: Buckler           |    11 |    44 ||    55

Table legend:
 A = Non-vault XP
 B = Vault XP
 C = Vault XP percentage of total XP
 D = Non-vault monster count
 E = Vault monster count
 F = Vault count percentage of total count
                 A         B        C        D         E       F
            +---------+---------+-------+---------+---------+-------
      Total |     476 |      79 |  14.2 |      68 |       2 |   2.9
            +---------+---------+-------+---------+---------+-------
        D:1 |      42 |       0 |   0.0 |      19 |       0 |   0.0
        D:2 |      88 |      36 |  29.0 |      18 |       1 |   5.3
        D:3 |      69 |       0 |   0.0 |      22 |       0 |   0.0
        D:4 |      21 |      43 |  67.2 |       5 |       1 |  16.7
        D:5 |     256 |       0 |   0.0 |       4 |       0 |   0.0
            +---------+---------+-------+---------+---------+-------
